 Dungeon Crawl Stone Soup version 0.28.0-43-g3370ac3207 (webtiles) character file.

Game seed: 15482268703427630330

32 rjgbitbgit4bgw the Poker (level 3, -3/29 HPs)
             Began as a Human Berserker on Mar 14, 2022.
             Was a Follower of Trog.
             Slain by Robin
             ... wielding a +0 dagger
              (4 damage)
             ... on level 1 of the Dungeon on Mar 16, 2022.
             The game lasted 00:05:05 (2138 turns).

rjgbitbgit4bgw the Poker (Human Berserker)          Turns: 2138, Time: 00:05:07

Health: -3/29      AC:  5    Str: 19    XL:     3   Next: 45%
Magic:  3/3        EV: 11    Int:  7    God:    Trog [*.....]
Gold:   49         SH:  0    Dex: 12    Spells: 2/2 levels left

rFire   . . .      SeeInvis .   a - +1 spear
rCold   . . .      Faith    .   (no shield)
rNeg    . . .      Spirit   .   d - +0 ring mail
rPois   .          Reflect  .   (no helmet)
rElec   .          Harm     .   (no cloak)
rCorr   .          Rampage  .   (no gloves)
Will    .....                   (no boots)
Stlth   +.........              (no amulet)
HPRegen 0.09/turn               (no ring)
MPRegen 0.08/turn               (no ring)

@: on berserk cooldown, slowed, very slow
A: no striking features
a: Renounce Religion, Berserk


You were on level 1 of the Dungeon.
You worshipped Trog.
Trog was aware of your devotion.
You visited 1 branch of the dungeon, and saw 2 of its levels.

You collected 49 gold pieces.

Inventory:

Hand Weapons
 a - a +1 spear (weapon)
Armour
 b - a +0 animal skin
 d - a +0 ring mail (worn)
Jewellery
 c - an amulet of guardian spirit
Scrolls
 f - a scroll of fog {unknown}
 g - a scroll of teleportation {unknown}


   Skills:
 + Level 3.2 Fighting
 * Level 3.5 Polearms
 + Level 2.4 Armour
 + Level 2.3 Dodging


You had 2 spell levels left.
You didn't know any spells.
Your spell library was empty.

Dungeon Overview and Level Annotations

Branches:
Dungeon (2/15)

Altars:

Annotations:
D:1 Robin


Message History

The goblin hits you but does no damage.
Robin points. "Kill!"
You hit Robin but do no damage. The goblin misses you.
Robin hits you but does no damage.
You hit Robin.
Robin is lightly wounded.
The goblin hits you with a +0 dagger.
* * * LOW HITPOINT WARNING * * *
Robin hits you but does no damage.
Okay, then.
Okay, then.
Okay, then.
You aren't carrying any potions.
You aren't carrying any potions.
As you read the scroll labelled XEGUMPA WUASH, it crumbles to dust.
It is a scroll of enchant weapon.
Your +0 spear glows red for a moment.
The goblin no longer looks unusually strong.
The goblin hits you but does no damage. Robin hits you with a +0 dagger.
* * * LOW HITPOINT WARNING * * *
The goblin hits you but does no damage.
You hit Robin.
Robin is moderately wounded.
The goblin hits you with a +0 dagger.
* * * LOW HITPOINT WARNING * * *
Robin roars a battlecry!
The goblin goes into a battle-frenzy!
You barely miss Robin.
Robin is moderately wounded.
The goblin hits you but does no damage. Robin hits you with a +0 dagger.
* * * LOW HITPOINT WARNING * * *
The goblin closely misses you. Robin hits you with a +0 dagger.
* * * LOW HITPOINT WARNING * * *
You hit Robin.
Robin is severely wounded.
The goblin hits you with a +0 dagger.
* * * LOW HITPOINT WARNING * * *
Robin's horned helmet rattles.
Robin hits you with a +0 dagger.
You die...

### ########## #.# #......... #.#
#.#####... ########.# #.# #...
#........# ######.# #...
###.######.########......# #...
.##.# ####.#.............#####...
##.## #....#.#####...............
###.###.####.'.g@##.....#########
#.##.##.####.##g###.....# #......
.##_##.......##.# #.....# #......
##.##.#########.# ####'####......
###.###.# #<# #.........#.
..##.##.######### #..##...#...
###.###.........######.....#...#.
..#.#....................#...#...
###.#.#########.######.#...#...#.


You could see Robin and a goblin (strong).

Vanquished Creatures
  3 ball pythons (D:1)
  6 bats (D:1)
  An endoplasm (D:1)
  A giant cockroach (D:1)
  4 goblins (D:1)
  4 hobgoblins (D:1)
  A quokka (D:1)
  3 frilled lizards (D:1)
  3 kobolds (D:1)
  2 rats (D:1)
28 creatures vanquished.

Notes
Turn   | Place    | Note
-------+----------+-------------------------------------------
     0 | D:1      | rjgbitbgit4bgw the Human Berserker began the quest for the
                  | Orb.
     0 | D:1      | Reached XP level 1. HP: 18/18 MP: 1/1
    36 | D:1      | Found a faded altar of an unknown god.
   246 | D:1      | Reached XP level 2. HP: 23/24 MP: 2/2
   875 | D:1      | Reached XP level 3. HP: 16/29 MP: 3/3
  1601 | D:2      | Noticed Robin
  2138 | D:1      | HP: 1/29 [goblin/+0 dagger[Robin] (1)]
  2138 | D:1      | Slain by Robin

Illustrated notes

Levels and vault maps discovered:
D:1:      amcnicky_arrival_choice, layout_basic,
          chequers_ecumenical_altar_twisty, minmay_fountain_box, hex_medium,
          minivault_4
D:2:      layout_loops_cross, serial_shops, shop_statue, uniq_robin

Action                   || total
-------------------------++-------
Melee: Spear             ||   119
       Punch             ||     1
Invok: Berserk           ||     3
  Use: Scroll            ||     1
Armor: Ring mail         ||    52
       Animal skin       ||     3
Dodge: Dodged            ||    58
